 Dungeon Crawl Stone Soup version 0.20.1-1-g8b1a95d (webtiles) character file.

903 Charly the Grappler (level 8, -6/68 HPs)
             Began as a Ghoul Monk on July 25, 2017.
             Was a Believer of Ashenzari.
             Mangled by a troll (7 damage)
             ... on level 10 of the Dungeon.
             The game lasted 00:16:17 (1391 turns).

Charly the Grappler (Ghoul Monk)                    Turns: 1391, Time: 00:16:18

Health: -6/68      AC:  9    Str: 15    XL:     8   Next: 7%
Magic:  7/7        EV: 12    Int:  5    God:    Ashenzari [**....]
Gold:   40         SH:  0    Dex: 18    Spells: 7/7 levels left

rFire    . . .     SeeInvis .     - Unarmed
rCold    + . .     Gourm    .   (no shield)
rNeg     + + +     Faith    .   g - +0 scale mail
rPois    ∞         Spirit   .   (no helmet)
rElec    .         Reflect  .   (no cloak)
rCorr    .         Harm     .   (no gloves)
MR       .....                  n - +2 pair of boots
Stlth    ++........             (no amulet)
Regen    0.0/turn               c - -3 ring of evasion (curse)
MPRegen  0.1/turn               (no ring)

@: agile, flying, very slightly contaminated, rotting
A: rotting body, claws 1, carnivore 3, cold resistance 1, negative energy
resistance 3, inhibited regeneration, torment resistance, unbreathing
a: Curse Item, Scrying, Renounce Religion


You were on level 10 of the Dungeon.
You worshipped Ashenzari.
Ashenzari was pleased with you.
You were not hungry.

You visited 1 branch of the dungeon, and saw 10 of its levels.
You also visited: Sewer.

You collected 40 gold pieces.

Inventory:

Hand Weapons
 h - a +0 dagger of protection
Armour
 g - a +0 scale mail (worn)
 n - a +2 pair of boots (worn)
Jewellery
 c - a cursed -3 ring of evasion (left claw)
 p - an uncursed ring of wizardry
Scrolls
 a - a scroll of brand weapon
 q - a scroll of immolation
Potions
 i - a potion of might
 k - a potion of brilliance
 l - a potion of agility
Comestibles
 b - 3 meat rations


   Skills:
 + Level 5.1 Fighting
 - Level 2.6 Dodging
 - Level 2.1 Stealth
 + Level 9.5 Unarmed Combat


You had 7 spell levels left.
You didn't know any spells.

Dungeon Overview and Level Annotations

Branches:
Dungeon (10/15)
 Temple: D:4-7         Lair: D:8-11         Orc: D:9-12

Altars:
Ashenzari
Okawaru
Xom

Shops:
D:4 [

Annotations:
D:4 Charly's ghost, weakling VSEE


Innate Abilities, Weirdness & Mutations

Your body is rotting away.
You thrive on raw meat.
You are immune to poison.
You have sharp fingernails.
You are carnivorous and can eat meat at any time.
Your flesh is cold resistant. (rC+)
You are immune to negative energy. (rN+++)
You do not regenerate when monsters are visible.
You are immune to unholy pain and torment.
You can survive without breathing.


Message History

The bullfrog barely misses you.
The bullfrog hits you but does no damage.
You see here 25 stones.
You aren't carrying any items that you can evoke.
Unknown command.
Unknown command.
Unknown command.
Drop what? 11/52 slots (_ for help) (? for menu, Esc to quit)
Okay, then.
You feel agile all of a sudden. The bullfrog hits you.
* * * LOW HITPOINT WARNING * * *
The worker ant bites you but does no damage.
The bullfrog hits you but does no damage.
The worker ant closely misses you. The bullfrog barely misses you.
The worker ant bites you but does no damage.
The bullfrog closely misses you. The troll bites you.
* * * LOW HITPOINT WARNING * * *
The troll claws you but does no damage. The troll claws you!
You die...

,, ,, .... , , . ...# ,, *
, ** ..######...##..## * ,
,....!..a...,#.... ,,
........,,#.... ,,,, , ,
,..... #.... *
#########..####*#..#
########O..##.##..##.###..#
#......(aF@T..........<....
#..........................
#..#..#######...########.##
#*##..####.##a..####* #(#
#.................. ...
#..........$....... .....
##.##.##+##.......##...#.
## #+# ############### * ,
,, *


You could see a two-headed ogre, a troll, a bullfrog and a worker ant.

Vanquished Creatures
  A hornet zombie (D:10)
  An ice beast (D:8)
  A necrophage (D:7)
  2 bullfrogs
  A scorpion (D:9)
  2 hounds
  2 orc priests
  3 centaur skeletons (D:9)
  An orc wizard (D:9)
  An iguana (D:9)
  2 hound skeletons
  A worker ant zombie (D:8)
  3 gnolls
  2 river rats (D:3)
  4 adders
  2 shadow imps
  A worm (D:3)
  A dart slug (D:3)
  3 leopard geckos
  9 orcs
  2 bats (D:3)
  A giant cockroach (D:1)
  6 goblins
  A hobgoblin (D:1)
  2 jackals (Sewer)
  A quokka (D:10)
  2 frilled lizards
  6 kobolds
  6 rats
70 creatures vanquished.

Notes
Turn   | Place    | Note
-------+----------+-------------------------------------------
     0 | D:1      | Charly the Ghoul Monk began the quest for the Orb.
     0 | D:1      | Reached XP level 1. HP: 19/19 MP: 0/0
    92 | D:2      | Reached skill level 4 in Unarmed Combat
    92 | D:2      | Reached XP level 2. HP: 19/25 MP: 1/1
   143 | D:3      | Reached XP level 3. HP: 17/30 MP: 2/2
   158 | D:3      | Found a shimmering altar of Xom.
   165 | D:3      | Found a shattered altar of Ashenzari.
   173 | D:3      | Became a worshipper of Ashenzari the Shackled
   173 | D:3      | Reached * piety under Ashenzari
   173 | D:3      | Reached ** piety under Ashenzari
   291 | D:3      | Reached skill level 5 in Unarmed Combat
   309 | D:4      | Noticed Charly's ghost (weakling VSEE)
   329 | D:3      | Reached XP level 4. HP: 24/38 MP: 3/3
   424 | D:3      | Found a glowing drain.
   433 | Sewer    | Entered a sewer
   439 | Sewer    | Reached skill level 6 in Unarmed Combat
   447 | Sewer    | Reached XP level 5. HP: 22/45 MP: 4/4
   485 | Sewer    | Noticed a crocodile
   595 | D:4      | Found Naixtun's Antique Armour Boutique.
   629 | D:5      | Entered Level 5 of the Dungeon
   763 | D:7      | Noticed a necrophage
   776 | D:7      | Killed a necrophage
   776 | D:7      | Reached skill level 7 in Unarmed Combat
   776 | D:7      | Reached XP level 6. HP: 38/51 MP: 5/5
   842 | D:8      | Noticed an ice beast
   858 | D:8      | Killed an ice beast
   858 | D:8      | Reached skill level 8 in Unarmed Combat
   874 | D:8      | Reached XP level 7. HP: 28/57 MP: 6/6
  1001 | D:9      | Found an iron altar of Okawaru.
  1120 | D:9      | Reached skill level 9 in Unarmed Combat
  1301 | D:9      | Found an iron altar of Okawaru.
  1340 | D:10     | Entered Level 10 of the Dungeon
  1355 | D:10     | HP: 3/60 [hornet zombie (5)]
  1356 | D:10     | Reached skill level 5 in Fighting
  1356 | D:10     | Reached XP level 8. HP: 3/68 MP: 7/7
  1362 | D:10     | Noticed a troll
  1370 | D:10     | Noticed a two-headed ogre
  1388 | D:10     | HP: 2/68 [bullfrog (3)]
  1391 | D:10     | Mangled by a troll

Skill      XL: |  1  2  3  4  5  6  7 |
---------------+----------------------+-----
Unarmed Combat | 4 5 6 7 8 9 |  9.5
Fighting       | 5 |  5.1
Dodging        | |  2.6
Stealth        | |  2.1

Action                   |  1- 3 |  4- 6 |  7- 9 || total
-------------------------+-------+-------+-------++-------
Melee: Unarmed           |    76 |   126 |    85 ||   287
       Punch             |       |     2 |     2 ||     4
       Dagger            |       |       |     5 ||     5
  Use: Scroll            |       |     4 |     6 ||    10
       Potion            |       |       |     3 ||     3
 Stab: Sleeping          |     1 |       |       ||     1
       Invisible         |       |       |     4 ||     4
  Eat: Chunk             |     4 |    20 |     7 ||    31
Armor: Robe              |     7 |       |       ||     7
       Scale mail        |    25 |    42 |    40 ||   107
Dodge: Dodged            |    26 |    31 |    31 ||    88
